cohdb
Replays
Latest Replays
All Replays
Popular Replays
Top Player Replays
Match Explorer
How It Works
Community
CoH3 Stats
Reddit
Sign in to upload your games and track your stats! →
Sign in with Steam
Match 41197389
Unlisted
Match 41197389
Overview
Messages
Build Orders
End
Kradschützen Motorcycle Team
Selects Italian Infantry
Panzerpioneer Squad
250 Light Carrier
Panzergrenadier Squad
Construct Light Support Kompanie
Combat Half-tracks
Selects Sound the Alarm
MG34 Team
2.5-tonne Medical Truck
Fire Support Elements
Pak 38 Mechanized Group
MG34 Team
Construct Panzerarmee Kommand
Pak 38 Anti-tank Gun Team
Selects Prepared Positions
Selects Guastatori Squad
Panzer III L Medium Tank
Selects Registered Artillery
Panzer III L Medium Tank
Selects Towed Cannone da 105/28 Field Howitzer
Emergency Repair Kits
Guastatori Squad
Towed Cannone da 105/28 Field Howitzer
Flak 36 Anti-tank Gun Team
Assault Mechanized Group
Selects Obice 305mm Barrage
Armored Reserves
MG34 Team
Registered Artillery
Tiger Heavy Tank
Panzerpioneer Squad
Panzer III L Medium Tank
MG34 Team
Obice 305mm Barrage
Construct Mechanized Kompanie
18-tonne Recovery Half-track
Obice 305mm Barrage
Panzer IV Assault Group
Obice 305mm Barrage
Xandr27
Null
0
0
Comments
sign in to comment!
No comments posted yet!